 Dungeon Crawl Stone Soup version 0.29-a0-557-g43b9904bd1 (webtiles) character file.

Game seed: 11020213174147069089

557 ZappyNine the Changer (level 6, -4/41 (50) HPs)
             Began as a Demigod Gladiator on June 8, 2022.
             Slain by a wight
             ... wielding a +0 hand axe
              (7 damage)
             ... on level 6 of the Dungeon.
             The game lasted 00:04:20 (5487 turns).

ZappyNine the Changer (Demigod Gladiator)           Turns: 5487, Time: 00:04:20

HP:   -4/41 (50)    AC:  8    Str: 23    XL:     6   Next: 81%
MP:   13/14         EV: 14    Int: 10    God:
Gold: 377           SH:  0    Dex: 23    Spells: 10/12 levels left

rFire   . . .      SeeInvis .   n - +1 falchion (holy)
rCold   . . .      Faith    .   (no shield)
rNeg    . . .      Spirit   .   b - +0 leather armour
rPois   +          Reflect  .   c - +2 helmet
rElec   .          Harm     .   (no cloak)
rCorr   .          Rampage  .   (no gloves)
Will    .....                   (no boots)
Stlth   ++........              (no amulet)
HPRegen 0.13/turn               l - +6 ring of strength
MPRegen 0.14/turn               s - ring of poison resistance

@: wereblooded, heavily drained
A: high MP 1, forlorn, divine attributes, iridescent scales 1, strong 1
a: no special abilities


You were on level 6 of the Dungeon.
You visited 1 branch of the dungeon, and saw 6 of its levels.

You collected 377 gold pieces.

Inventory:

Hand Weapons
 a - a +1 long sword
 n - a +1 falchion of holy wrath (weapon)
Missiles
 d - 4 throwing nets (quivered)
 e - a javelin
Armour
 b - a +0 leather armour (worn)
 c - a +2 helmet (worn)
Jewellery
 l - a +6 ring of strength (left hand)
 s - a ring of poison resistance (right hand)
Scrolls
 g - a scroll of teleportation
 i - a scroll of poison
 k - a scroll of silence
 p - a scroll of amnesia {unknown}
Potions
 f - a potion of degeneration {unknown}
 h - 2 potions of magic {unknown}
 j - a potion of flight
 m - a potion of curing {unknown}
 o - a potion of attraction
 q - a potion of resistance {unknown}
 u - a potion of mutation
 v - a potion of invisibility {unknown}
 w - 2 potions of lignification
 x - 3 potions of brilliance


   Skills:
 + Level 2.6 Fighting
 + Level 3.3 Long Blades
 - Level 1.7 Throwing
 + Level 3.3 Dodging
 - Level 3.5 Spellcasting
 - Level 3.9 Transmutations


You had 10 spell levels left.
You knew the following spells:

 Your Spells              Type           Power      Damage    Failure   Level
a - Wereblood             Tmut           9%         N/A       9%          2

Your spell library contained the following spells:

 Spells                   Type           Power      Damage    Failure   Level
 Magic Dart               Conj           4%         1d3       30%         1
 Spider Form              Tmut/Pois      5%         N/A       38%         3
 Ensorcelled Hibernation  Hex/Ice        2%         N/A       43%         2
 Searing Ray              Conj           2%         2d4       43%         2
 Sublimation of Blood     Necr           1%         N/A       43%         2
 Dazzling Flash           Conj/Hex       2%         N/A       67%         3
 Anguish                  Hex/Necr       0%         N/A       97%         4
 Fulminant Prism          Conj/Hex       0%         3d6       97%         4
 Agony                    Necr           1%         N/A       100%        5
 Fireball                 Conj/Fire      0%         3d3       100%        5
 Iskenderun's Battlesphe  Conj           1%         2d6       100%        5
 Silence                  Hex/Air        0%         N/A       100%        5
 Conjure Ball Lightning   Conj/Air       0%         3x3d6     100%        6
 Orb of Destruction       Conj           0%         9d5       100%        7
 Summon Hydra             Summ           0%         N/A       100%        7


Dungeon Overview and Level Annotations

Branches:
Dungeon (6/15)             Temple (0/1) D:4

Shops:
D:6 :


Innate Abilities, Weirdness & Mutations

You have an increased reservoir of magic. (+10% MP)
You shall have no god before yourself.
Your divine heritage dramatically boosts your attributes as you level up.
You are partially covered in iridescent scales. (AC +2)
Your muscles are strong. (Str +2)


Message History

Confirm with . or Enter, or press ? or * to list all spells.
Your blood is infused with primal strength.
Unknown command.
You hit the wight.
The wight convulses.
The wight is moderately damaged.
The wight barely misses you.
You barely miss the wight.
The wight is moderately damaged.
The wight hits you with a +4 hand axe.
You feel drained. The wight hits you with a +0 hand axe!
You closely miss the wight.
The wight is moderately damaged.
The wight misses you. The wight hits you with a +0 hand axe.
You feel drained. The wight hits you with a +4 hand axe.
You feel drained.
You hit the wight.
The wight convulses.
The wight is heavily damaged.
The wight closely misses you. The wight barely misses you.
You closely miss the wight.
The wight is heavily damaged.
The wight barely misses you. The wight hits you with a +0 hand axe.
You feel drained.
A wight comes into view. It is wielding a +4 great sword.
The wight barely misses you.
You hit the wight.
The wight convulses.
The wight is severely damaged.
The wight barely misses you. The wight hits you with a +0 hand axe.
You feel drained. The wight hits you with a +0 mace.
You feel drained.
* * * LOW HITPOINT WARNING * * *
The wight attacks as you move away! The wight hits you with a +4 hand axe!
* * * LOW HITPOINT WARNING * * *
You feel drained.
* * * LOW HITPOINT WARNING * * *
The wight attacks as you move away! The wight closely misses you.
The wight attacks as you move away! The wight closely misses you.
The wight attacks as you move away! The wight barely misses you.
It was a potion of mutation.
You feel extremely strange.
You feel stronger.
Iridescent scales grow over part of your body.
The wight misses you. The wight hits you with a +0 hand axe!
You die...

#....###### #....8....#
#...8.8...#
#..8...8..##
#.8..∩..8..#######
#..8...8.........######
#...8.8........>.....(.
#....8...........<.....
#.......z@.####'#......
#......zz..# #.#.......
#..........# #.#......
#..........# #.#......
##....###### #.##.....
#....# #.##..# # #....#
#.##..## #....#
#†##...##### #....#
#...........


You could see 3 wights.

Vanquished Creatures
  An orc warrior (D:4)
  An ogre (D:5)
  A bullfrog (D:6)
  A scorpion (D:6)
  A howler monkey (D:5)
  A hound (D:5)
  An iguana (D:5)
  An orc wizard (D:4)
  5 adders
  A shadow imp (D:5)
  A white imp (D:5)
  An ufetubus (D:5)
  2 dart slugs
  6 orcs
  6 endoplasms
  2 giant cockroaches
  7 goblins
  2 hobgoblins (D:2)
  7 jackals
  2 quokkas (D:3)
  6 ball pythons
  3 bats
  3 frilled lizards
  8 kobolds
  4 rats
74 creatures vanquished.

Notes
Turn   | Place    | Note
-------+----------+-------------------------------------------
     0 | D:1      | ZappyNine the Demigod Gladiator began the quest for the
                  | Orb.
     0 | D:1      | Reached XP level 1. HP: 17/17 MP: 3/3
   389 | D:1      | Reached XP level 2. HP: 22/24 MP: 4/4
   853 | D:2      | Reached XP level 3. HP: 11/30 MP: 5/5
  1978 | D:3      | Learned a level 2 spell: Wereblood
  2518 | D:4      | Reached XP level 4. HP: 34/37 MP: 7/7
  2547 | D:4      | Found a staircase to the Ecumenical Temple.
  2712 | D:4      | Noticed an orc warrior
  3246 | D:4      | Reached skill level 1 in Spellcasting
  3246 | D:4      | Reached skill level 1 in Transmutations
  3755 | D:4      | Killed an orc warrior
  3756 | D:4      | Reached XP level 5. HP: 39/42 MP: 8/10
  3955 | D:5      | Entered Level 5 of the Dungeon
  4387 | D:5      | Noticed an ogre
  4405 | D:5      | Reached XP level 6. HP: 18/50 MP: 13/13
  5165 | D:6      | Noticed an angel
  5442 | D:6      | Found Bon Ulah's Book Shop.
  5487 | D:6      | Gained mutation: Your muscles are strong. (Str +2) [potion
                  | of mutation]
  5487 | D:6      | Gained mutation: You are partially covered in iridescent
                  | scales. (AC +2) [potion of mutation]
  5487 | D:6      | Slain by a wight

Illustrated notes

Levels and vault maps discovered:
D:1:      minmay_arrival_four_loops, layout_rooms, lemuel_another_geyser
D:2:      layout_loops_ring, basic_altar,
          hellmonk_ecumenical_altar_leap_of_faith, minmay_misc_feat_columns
D:3:      layout_rooms, lemuel_round_altar, minivault_5
D:4:      layout_loops_corners, minitemple, minmay_temple_entry_grid
D:5:      layout_loops_ring, minmay_splitting_lines
D:6:      layout_basic, grunt_temple_overflow_order_and_chaos_1,
          kennysheep_mini_moat, tgw_sif, serial_shops, nicolae_diamond_shop,
          ebering_ghost_inner_flame

Skill      XL: |  1  2  3  4  5  6 |
---------------+-------------------+-----
Fighting       | 2 |  2.6
Long Blades    | 3 |  3.3
Dodging        | 3 |  3.3
Spellcasting   | 2 3 |  3.5
Transmutations | 2 3 |  3.9
Throwing       | |  1.7

Action                   |  1- 3 |  4- 6 || total
-------------------------+-------+-------++-------
Melee: Long sword        |   149 |    77 ||   226
       Punch             |     1 |     1 ||     2
       Falchion          |       |    34 ||    34
 Cast: Wereblood         |       |     1 ||     1
  Use: Scroll            |       |    14 ||    14
       Potion            |       |     3 ||     3
 Stab: Sleeping          |     3 |     1 ||     4
Armor: Leather armour    |    46 |    28 ||    74
Dodge: Dodged            |   145 |   106 ||   251

Table legend: (Time is in decaauts)
 A = Elapsed time spent in this place.
 B = Non-inter-level travel time spent in this place.
 C = Inter-level travel time spent in this place.
 D = Time resting spent in this place.
 E = Time spent auto-exploring this place.
 F = Levels seen in this place.
 G = Mean time per level.
                   A        B        C        D        E       F      G
               +--------+--------+--------+--------+--------+-----+--------+
         Total |   5526 |   5384 |    142 |   1015 |   3624 |   6 |  921.0 |
       Dungeon |   5526 |   5384 |    142 |   1015 |   3624 |   6 |  921.0 |
               +--------+--------+--------+--------+--------+-----+--------+

Top non-repeatable levels by time:
     D:5: 1218 daAuts
     D:4: 1128 daAuts
     D:3: 1120 daAuts
     D:2: 1118 daAuts
     D:1: 615 daAuts
     D:6: 325 daAuts
